 Dungeon Crawl Stone Soup version 0.30-a0-694-g3340775977 (webtiles) character file.

Game seed: 7239920701960383797

91 Syfon the Shield-Bearer (level 4, -7/40 HPs)
             Began as a Minotaur Fighter on Jan 20, 2023.
             Mangled by Grinder (11 damage)
             ... on level 3 of the Dungeon.
             The game lasted 00:03:06 (1485 turns).

Syfon the Shield-Bearer (Minotaur Fighter)          Turns: 1485, Time: 00:03:06

Health: -7/40      AC:  0    Str: 22    XL:     4   Next: 33%
Magic:  3/3        EV: 14    Int:  5    God:
Gold:   83         SH:  0    Dex: 10    Spells: 3/3 levels left

rFire   . . .      SeeInvis .    (weapon currently unavailable)
rCold   . . .      Faith    .    (shield currently unavailable)
rNeg    . . .      Spirit   .    (body armour currently unavailable)
rPois   .          Reflect  .    (helmet currently unavailable)
rElec   .          Harm     .    (cloak currently unavailable)
rCorr   .          Rampage  .    (gloves currently unavailable)
Will    .....                    (boots currently unavailable)
Stlth   +                        (no amulet)
HPRegen 0.26/turn                (ring currently unavailable)
MPRegen 0.08/turn                (ring currently unavailable)

@: mighty, pig-form, very quick
A: fast, no casting, small, (horns 2), (retaliatory headbutt)
a: no special abilities


You were on level 3 of the Dungeon.
You were a filthy swine.
You visited 1 branch of the dungeon, and saw 3 of its levels.

You collected 83 gold pieces.

Inventory:

Hand Weapons
 a - a +0 war axe (melded)
Armour
 b - a +0 scale mail (melded)
 c - a +0 buckler (melded)
Potions
 e - a potion of magic {unknown}
 f - a potion of invisibility {unknown}
 g - 2 potions of mutation {unknown}
 h - a potion of curing {unknown}


   Skills:
 + Level 4.2 Fighting
 + Level 3.3 Axes
 + Level 4.2 Armour
 + Level 1.8 Dodging
 + Level 4.2 Shields


You had 3 spell levels left.
You didn't know any spells.
Your spell library was empty.

Dungeon Overview and Level Annotations

Branches:
Dungeon (3/15)

Altars:

Shops:
D:1 ?

Annotations:
D:3 Grinder


Innate Abilities, Weirdness & Mutations

You are a filthy swine.
You move quickly.
Your equipment is almost entirely melded.
You are incapable of wielding weapons or throwing items.
You cannot cast spells.
((You have a pair of horns on your head.))
((You reflexively headbutt those who attack you in melee.))


Message History

Your +0 scale mail melds into your body.
You barely miss Grinder. Grinder barely misses you.
You hit Grinder but do no damage. Grinder barely misses you.
You closely miss Grinder.
Grinder says, "My boss said I was rubbish.
His entrails said otherwise."
Grinder hits you!
You writhe in agony.
You closely miss Grinder.
Grinder says, "You look like you could use a good racking."
Grinder hits you.
You writhe in agony.
You are too injured to fight recklessly!
You are too injured to fight recklessly!
You are too injured to fight recklessly!
You are too injured to fight recklessly!
You are too injured to fight recklessly!
Unknown command.
You feel very mighty all of a sudden. Grinder closely misses you.
You closely miss Grinder. Grinder misses you.
You closely miss Grinder. Grinder closely misses you.
You hit Grinder.
Grinder is lightly wounded.
You bite Grinder!
Grinder is heavily wounded.
Grinder hits you.
You writhe in agony.
You closely miss Grinder.
Grinder is heavily wounded.
Grinder hits you!
* * * LOW HITPOINT WARNING * * *
You writhe in agony.
* * * LOW HITPOINT WARNING * * *
You bite Grinder!
Grinder is severely wounded.
Grinder barely misses you.
You bite Grinder!
Grinder is almost dead.
Grinder barely misses you.
You closely miss Grinder.
Grinder is almost dead.
Grinder hits you!
You die...

#.....#
#.###.#
#.#.#.#
#.#.#.########
#.#<#)#......#
#.#.#)#?...[.#
#.#.#.#......#
#.#.#.#...5..#
#.#.#.#...h..#
#.#.#.#..(...#
#.#.#.#......#
#...#.#......+
#####....>...#
#####'#### #.#
≈≈≈ ≈≈≈≈≈


You could see Grinder.

Vanquished Creatures
  Jessica (D:3)
  An adder (D:2)
  A dart slug (D:2)
  An orc (D:3)
  4 ball pythons (D:1)
  5 endoplasms
  2 giant cockroaches
  4 hobgoblins
  3 jackals (D:2)
  6 kobolds
  2 quokkas
  6 bats
  5 frilled lizards
  6 goblins
  2 rats
49 creatures vanquished.

Notes
Turn   | Place    | Note
-------+----------+-------------------------------------------
     0 | D:1      | Syfon the Minotaur Fighter began the quest for the Orb.
     0 | D:1      | Reached XP level 1. HP: 19/19 MP: 0/0
    34 | D:1      | Found Equapu Nabaj's Magic Scroll Emporium.
   125 | D:1      | Reached XP level 2. HP: 26/27 MP: 1/1
   216 | D:1      | Reached skill level 1 in Dodging
   412 | D:1      | Reached XP level 3. HP: 30/33 MP: 2/2
  1384 | D:3      | Noticed Jessica
  1388 | D:3      | Killed Jessica
  1389 | D:3      | Reached XP level 4. HP: 25/40 MP: 3/3
  1469 | D:3      | Noticed Grinder
  1485 | D:3      | Mangled by Grinder

Illustrated notes

Levels and vault maps discovered:
D:1:      amcnicky_arrival_blooded_trapdoor, layout_basic, serial_shops, shop
D:2:      layout_basic, grunt_ministairs_14
D:3:      layout_basic, nicolae_ecumenical_lake_church, uniq_jessica, uniq_ijyb,
          uniq_grinder, uniq_sigmund

Skill      XL: |  1  2  3 |
---------------+----------+-----
Dodging        | 1 |  1.8
Fighting       | 4 |  4.2
Shields        | 4 |  4.2
Armour         | 4 |  4.2
Axes           | 3 |  3.3

Action                   |  1- 3 |  4- 6 || total
-------------------------+-------+-------++-------
Melee: War axe           |    97 |     1 ||    98
       Headbutt          |     8 |     1 ||     9
       Unarmed           |       |    12 ||    12
  Use: Scroll            |     1 |     1 ||     2
       Potion            |       |     1 ||     1
Armor: Scale mail        |    60 |       ||    60
Dodge: Dodged            |    49 |     8 ||    57
Block: Buckler           |    22 |       ||    22

Table legend: (Time is in decaauts)
 A = Elapsed time spent in this place.
 B = Non-inter-level travel time spent in this place.
 C = Inter-level travel time spent in this place.
 D = Time resting spent in this place.
 E = Time spent auto-exploring this place.
 F = Levels seen in this place.
 G = Mean time per level.
                   A        B        C        D        E       F      G
               +--------+--------+--------+--------+--------+-----+--------+
         Total |   1523 |   1455 |     68 |      0 |   1184 |   3 |  507.7 |
       Dungeon |   1523 |   1455 |     68 |      0 |   1184 |   3 |  507.7 |
               +--------+--------+--------+--------+--------+-----+--------+

Top non-repeatable levels by time:
     D:2: 847 daAuts
     D:1: 553 daAuts
     D:3: 122 daAuts
